 Dungeon Crawl Stone Soup version 0.29-a0-551-gffc1d7fb78 (webtiles) character file.

Game seed: 4717044181881974757

69 ytrimaz the Grave Robber (level 4, -2/30 HPs)
             Began as a Demonspawn Necromancer on June 6, 2022.
             Slain by a gnoll
             ... wielding a +0 flail
              (11 damage)
             ... on level 2 of the Dungeon.
             The game lasted 00:03:19 (2118 turns).

ytrimaz the Grave Robber (Demonspawn Necromancer)   Turns: 2118, Time: 00:03:19

Health: -2/30      AC:  2    Str:  8    XL:     4   Next: 2%
Magic:  0/7        EV: 12    Int: 18    God:
Gold:   38         SH:  0    Dex: 14    Spells: 3/7 levels left

rFire   . . .      SeeInvis .   m - staff of death
rCold   . . .      Faith    .   (no shield)
rNeg    + . .      Spirit   .   a - +0 robe
rPois   .          Reflect  .   (no helmet)
rElec   .          Harm     .   (no cloak)
rCorr   .          Rampage  .   (no gloves)
Will    .....                   (no boots)
Stlth   ++........              i - amulet of the acrobat
HPRegen 0.10/turn               (no ring)
MPRegen 0.10/turn               (no ring)

@: no status effects
A: claws 1, hooves 2
a: no special abilities


You were on level 2 of the Dungeon.
You visited 1 branch of the dungeon, and saw 4 of its levels.

You collected 38 gold pieces.

Inventory:

Armour
 a - a +0 robe (worn)
Magical Staves
 m - a staff of death (weapon)
Jewellery
 i - an amulet of the acrobat (around neck)
Scrolls
 d - a scroll of silence
 e - a scroll of vulnerability
 l - a scroll of teleportation
 n - a scroll of enchant weapon {unknown}
 o - a scroll of amnesia {unknown}
 q - a scroll of enchant armour {unknown}
 s - 2 scrolls of identify
 t - a scroll of fear
Potions
 b - a potion of magic
 c - a potion of mutation {unknown}
 f - 2 potions of ambrosia {unknown}
 g - a potion of cancellation {unknown}
 h - 2 potions of heal wounds {unknown}
 j - 2 potions of curing {unknown}
 k - a potion of degeneration {unknown}
 p - a potion of lignification {unknown}
 r - a potion of brilliance {unknown}


   Skills:
 - Level 1.7 Dodging
 + Level 1.8 Stealth
 - Level 0.8 Unarmed Combat
 - Level 2.0 Spellcasting
 + Level 6.0 Necromancy


You had 3 spell levels left.
You knew the following spells:

 Your Spells              Type           Power      Damage    Failure   Level
a - Necrotize             Necr           100%       1d9       1%          1
b - Vampiric Draining     Necr           35%        2d8       4%          3

Your spell library contained the following spells:

 Spells                   Type           Power      Damage    Failure   Level
 Gell's Gravitas          Tloc           1%         N/A       47%         3
 Lesser Beckoning         Tloc           1%         N/A       47%         3
 Teleport Other           Tloc           1%         N/A       47%         3
 Animate Dead             Necr           35%        N/A       16%         4
 Agony                    Necr           35%        N/A       38%         5


Dungeon Overview and Level Annotations

Branches:
Dungeon (4/15)
 Temple: D:4-7

Altars:

Shops:
D:2 (

Annotations:
D:3 1 transporter, Sabo's ghost, amateur HOMo
D:4 exclusion: orc priest


Innate Abilities, Weirdness & Mutations

You have sharp fingernails.
You have hoof-like feet.


Message History

The ball python constricts you.
* * * LOW HITPOINT WARNING * * *
The ball python bites you.
* * * LOW HITPOINT WARNING * * *
The ball python constricts you.
* * * LOW HITPOINT WARNING * * *
Unknown command.
Casting: Necrotize (safe; 1% risk of failure)
Confirm with . or Enter, or press ? or * to list all spells.
Aiming: Vampiric Draining (dangerous; 4% risk of failure)
Press: ? - help, Shift-Dir - straight line, f/p - ball python
Aim: a ball python (moderately wounded, constricting you)
You feel a surge of power!
You draw life force from the ball python.
You kill the ball python!
You feel life coursing into your body.
Casting: Vampiric Draining (dangerous; 4% risk of failure)
Confirm with . or Enter, or press ? or * to list all spells.
You don't have enough magic to cast this spell.
Unknown command.
Unknown command.
Casting: Vampiric Draining (dangerous; 4% risk of failure)
Confirm with . or Enter, or press ? or * to list all spells.
You don't have enough magic to cast this spell.
Unknown command.
Unknown command.
The gnoll attacks as you move away! The gnoll barely misses you.
The gnoll attacks as you move away! The gnoll completely misses you.
The gnoll attacks as you move away! The gnoll closely misses you.
The gnoll attacks as you move away! The gnoll completely misses you.
The gnoll attacks as you move away! The gnoll completely misses you.
The gnoll attacks as you move away! The gnoll closely misses you.
Casting: Vampiric Draining (dangerous; 4% risk of failure)
Confirm with . or Enter, or press ? or * to list all spells.
Aiming: Vampiric Draining (dangerous; 4% risk of failure)
Press: ? - help, Shift-Dir - straight line, f - gnoll
Aim: a gnoll, wielding a +0 flail (moderately wounded)
You feel a surge of power!
You draw life force from the gnoll.
You feel life coursing into your body. The gnoll hits you with a +0 flail!
You die...

#.# #....##.# #....†..<..#
#.# ####.##.# ####.##.##.#
#.# #.##># ##)##.##.# #.#
#.##.# #......... #.#
#.##.# #..##.##.# #)#
#.##.# #..##.##.# #.##.#
#........#
#.####.##.#######.###)#.##
#...........@g....#
#.#.####
....<.......######.#
#<.....# #######.#...# #.#
###.##.# #.##### ##.# ...
#.# #..# ###.. #.# #.## .#
..# ###.######## # ###
#........... #.#.########


You could see a gnoll.

Vanquished Creatures
  2 gnolls (D:2)
  An adder (D:2)
  3 endoplasms
  2 giant cockroaches
  2 goblins
  5 hobgoblins
  5 jackals (D:1)
  A kobold (D:1)
  3 quokkas
  5 ball pythons
  2 bats (D:2)
  A frilled lizard (D:1)
  2 rats
34 creatures vanquished.

Vanquished Creatures (others)
  A fungus (D:3)
  A plant (D:3)
2 creatures vanquished.

Grand Total: 36 creatures vanquished

Notes
Turn   | Place    | Note
-------+----------+-------------------------------------------
     0 | D:1      | ytrimaz the Demonspawn Necromancer began the quest for the
                  | Orb.
     0 | D:1      | Reached XP level 1. HP: 13/13 MP: 3/3
   430 | D:1      | Discovered your monstrous ancestry.
   430 | D:1      | Gained mutation: You have sharp fingernails. [demonic
                  | ancestry]
   430 | D:1      | Reached XP level 2. HP: 1/19 MP: 0/5
   897 | D:1      | Reached skill level 5 in Necromancy
  1395 | D:2      | Gained mutation: You have large cloven feet. [demonic
                  | ancestry]
  1395 | D:2      | Reached XP level 3. HP: 24/24 MP: 1/6
  1476 | D:2      | Found Niv Zasy's Antique Weapon Emporium.
  1480 | D:2      | You fall into a shaft and drop 2 floors!
  1723 | D:3      | Found a transporter.
  1725 | D:3      | Noticed Sabo's ghost (amateur HOMo)
  1838 | D:2      | Learned a level 3 spell: Vampiric Draining
  2088 | D:2      | Reached skill level 6 in Necromancy
  2088 | D:2      | Gained mutation: You have hoof-like feet. [demonic
                  | ancestry]
  2088 | D:2      | Reached XP level 4. HP: 30/30 MP: 4/7
  2118 | D:2      | Slain by a gnoll

Illustrated notes

Levels and vault maps discovered:
D:1:      dpeg_arrival_short_road, layout_basic, grunt_decor_fettered
D:2:      layout_loops_ring, serial_shops, nicolae_shop_trees,
          chequers_mini_garden, uniq_robin
D:3:      layout_basic, grunt_gozag_breadcrumbs, serial_shops,
          nicolae_diamond_shop, gammafunk_ghost_mausoleum,
          shapermc_ecumenical_altar_hornbeckon, kennysheep_crisscross,
          minmay_diced_spiral, uniq_crazy_yiuf_cottage
D:4:      layout_cave_pods, makhleb_blood_cavern_becter, serial_shops,
          shop_scrolls

Skill      XL: |  1  2  3 |
---------------+----------+-----
Necromancy     | 5 6 |  6.0
Dodging        | |  1.7
Stealth        | |  1.8
Unarmed Combat | |  0.8
Spellcasting   | |  2.0

Action                   |  1- 3 |  4- 6 || total
-------------------------+-------+-------++-------
Melee: Unarmed           |    10 |       ||    10
       Staff             |       |     5 ||     5
       Kick              |       |     1 ||     1
 Cast: Necrotize         |    59 |     1 ||    60
       Vampiric Draining |       |     2 ||     2
  Use: Scroll            |     5 |       ||     5
Armor: Robe              |     1 |     1 ||     2
Dodge: Dodged            |    14 |    34 ||    48

Table legend: (Time is in decaauts)
 A = Elapsed time spent in this place.
 B = Non-inter-level travel time spent in this place.
 C = Inter-level travel time spent in this place.
 D = Time resting spent in this place.
 E = Time spent auto-exploring this place.
 F = Levels seen in this place.
 G = Mean time per level.
                   A        B        C        D        E       F      G
               +--------+--------+--------+--------+--------+-----+--------+
         Total |   2117 |   2068 |     49 |     67 |   1667 |   4 |  529.2 |
       Dungeon |   2117 |   2068 |     49 |     67 |   1667 |   4 |  529.2 |
               +--------+--------+--------+--------+--------+-----+--------+

Top non-repeatable levels by time:
     D:1: 1462 daAuts
     D:2: 399 daAuts
     D:4: 173 daAuts
     D:3: 81 daAuts
